 Dungeon Crawl Stone Soup version 0.18-a0-1105-ge9caa06 (webtiles) character file.

46536 Arkorax the Impaler (level 14, -1/123 HPs)
             Began as a Merfolk Gladiator on Jan 16, 2016.
             Was the Champion of Makhleb.
             Slain by a nine-headed hydra (7 damage)
             ... on level 11 of the Dungeon.
             The game lasted 00:33:05 (22742 turns).

Arkorax the Impaler (Merfolk Gladiator)            Turns: 22742, Time: 00:33:05

Health: -1/123     AC: 14    Str: 18    XL:     14   Next: 37%
Magic:  22/22      EV: 13    Int: 12    God:    Makhleb [******]
Gold:   1763       SH:  2    Dex: 15    Spells: 3 memorised, 0 levels left

rFire  . . .     SeeInvis .     y - +1 bardiche of Infinite Pain {venom, Stlth+}
rCold  + . .     Gourm    .     S - +5 ring mail "Geexov" {MR+}
rNeg   . . .     Faith    .     (shield currently unavailable)
rPois  .         Spirit   .     G - +1 hat
rElec  +         Dismiss  .     c - +0 cloak
rCorr  .         Reflect  +     (no gloves)
SustAt .         Harm     .     r - +0 pair of boots
MR     ++...                    q - +2 amulet of reflection
Stlth  +++.......               o - ring of wizardry
                                O - ring "Ruysh" {rElec rC+ Int+3 Stlth+}

@: very resistant to hostile enchantments, fairly stealthy
A: change form in water, swift swim
a: Minor Destruction, Lesser Servant of Makhleb, Major Destruction, Greater
Servant of Makhleb, Renounce Religion


You were on level 11 of the Dungeon.
You worshipped Makhleb.
Makhleb was exalted by your worship.
You were not hungry.

You visited 2 branches of the dungeon, and saw 19 of its levels.
You also visited: Labyrinth.

You collected 1763 gold pieces.

Inventory:

Hand Weapons
 a - a +1 trident
 y - the +1 bardiche of Infinite Pain (weapon) {venom, Stlth+}
   (You acquired it on level 7 of the Lair of Beasts)

   It poisons the flesh of those it strikes.
   It makes you more stealthy.
 M - a +2 bardiche
 R - the +7 Spriggan's Knife {MR+ EV+4 Dex+4 Stlth+}
   (You found it in a labyrinth)

   It affects your evasion (+4).
   It affects your dexterity (+4).
   It affects your resistance to hostile enchantments.
   It makes you more stealthy.
Missiles
 d - 5 throwing nets (quivered)
 i - 3 javelins
Armour
 c - a +0 cloak (worn)
 r - a +0 pair of boots (worn)
 C - a +4 chain mail of cold resistance
 G - a +1 hat (worn)
 S - the +5 ring mail "Geexov" (worn) {MR+}
   (You found it in a labyrinth)

   It affects your resistance to hostile enchantments.
Rods
 e - a +7 rod of clouds (13/13)
   (You took it off a minotaur in a labyrinth)
Jewellery
 o - a ring of wizardry (right hand)
 q - a +2 amulet of reflection (around neck)
 x - an uncursed ring of sustain attributes
 H - an uncursed ring of resist corrosion
 J - a +4 ring of dexterity {unknown}
 O - the ring "Ruysh" (left hand) {rElec rC+ Int+3 Stlth+}
   (You found it in a labyrinth)

   [ring of protection from cold]

   It affects your intelligence (+3).
   It protects you from cold.
   It insulates you from electricity.
   It makes you more stealthy.
 Z - a +4 ring of protection {unknown}
Wands
 h - a wand of confusion (20/48)
 m - a wand of digging (10/24)
 A - a wand of paralysis (7/24)
 B - a wand of heal wounds (5/9)
 E - a wand of magic darts (24/48)
 K - a wand of draining (10/15)
 Q - a wand of digging (2/24)
Scrolls
 j - 9 scrolls of identify
 p - a scroll of teleportation
 z - 11 scrolls of remove curse
 F - a scroll of magic mapping
 N - 3 scrolls of enchant armour
 V - 2 scrolls of recharging
Potions
 g - a potion of resistance
 l - a potion of agility
 u - 2 potions of curing
 I - a potion of cure mutation {unknown}
 L - a potion of brilliance
 U - a potion of ambrosia
 Y - a potion of lignification
Books
 b - a book of Battle

   Spells                             Type                      Level
   a - Infusion                       Charms                       1
   b - Shroud of Golubria             Charms/Translocation         2
   c - Song of Slaying                Charms                       2
   d - Spectral Weapon                Hexes/Charms                 3
   e - Regeneration                   Charms/Necromancy            3
 s - a book of the Tempests

   Spells                             Type                      Level
   a - Static Discharge               Conjuration/Air              3
   b - Lightning Bolt                 Conjuration/Air              5
   c - Fireball                       Conjuration/Fire             5
   d - Tornado                        Air                          9
   e - Shatter                        Earth                        9
 v - a book of Party Tricks

   Spells                             Type                      Level
   a - Summon Butterflies             Summoning                    1
   b - Apportation                    Translocation                1
   c - Tukima's Dance                 Hexes                        3
   d - Alistair's Intoxication        Transmutation/Poison         5
   e - Invisibility                   Hexes                        6
 P - Kuwnyo's Tome of Black Rituals
   (You found it in a labyrinth)

   Spells                             Type                      Level
   a - Pain                           Necromancy                   1
   b - Corpse Rot                     Necromancy                   2
   c - Vampiric Draining              Necromancy                   3
   d - Animate Dead                   Necromancy                   4
   e - Control Undead                 Necromancy                   4
   f - Simulacrum                     Ice/Necromancy               6
 T - a book of Battle

   Spells                             Type                      Level
   a - Infusion                       Charms                       1
   b - Shroud of Golubria             Charms/Translocation         2
   c - Song of Slaying                Charms                       2
   d - Spectral Weapon                Hexes/Charms                 3
   e - Regeneration                   Charms/Necromancy            3
 W - a Grand Grimoire

   Spells                             Type                      Level
   a - Monstrous Menagerie            Summoning                    7
   b - Summon Greater Demon           Summoning                    7
   c - Malign Gateway                 Summoning/Translocation      7
   d - Summon Horrible Things         Summoning                    8
Comestibles
 f - 6 bread rations
 k - 3 beef jerkies
 n - 4 meat rations
 t - 10 slices of pizza
 w - 21 fruits
 D - 2 royal jellies


   Skills:
 + Level 15.0 Fighting
 * Level 20.9 Polearms
 - Level 2.0 Throwing
 + Level 4.7 Armour
 - Level 4.0 Dodging
 - Level 3.8 Charms
 + Level 10.7 Invocations


You couldn't memorise any spells.
You knew the following spells:

 Your Spells              Type           Power        Failure   Level  Hunger
a - Regeneration          Chrm/Necr      #.........   52%         3    ####...
b - Spectral Weapon       Hex/Chrm       #.......     52%         3    ####...
c - Malign Gateway        Summ/Tloc      #.........   100%        7    #######


Dungeon Overview and Level Annotations

Branches:
Dungeon (11/15)            Temple (0/1) D:5            Lair (8/8) D:10
 Shoals (0/4) Lair:5        Snake (0/4) Lair:3        Slime (0/6) Lair:6
    Orc (0/2) D:11

Altars:
Ashenzari
Cheibriados
Dithmenos
Makhleb
Nemelex Xobeh
Okawaru
Pakellas
Xom
The Shining One
Beogh
Jiyva

Shops:
D:8 [

Annotations:
D:5 Arkorax's ghost, novice MfGl
D:9 exclusion: 2 doors
Lair:6 1 runed door
Lair:7 exclusion: oklob plant


Message History

The eight-headed hydra bites you. The eight-headed hydra bites you!
* * * LOW HITPOINT WARNING * * *
The eight-headed hydra completely misses you.
You block the eight-headed hydra's attack.
Unknown command.
You chop one of the eight-headed hydra's heads off!
The seven-headed hydra grows two more!
You slice the nine-headed hydra!!
The nine-headed hydra is almost dead.
The nine-headed hydra misses you.
The nine-headed hydra bites you but does no damage.
The nine-headed hydra bites you!
* * * LOW HITPOINT WARNING * * *
The nine-headed hydra bites you!
* * * LOW HITPOINT WARNING * * *
The nine-headed hydra closely misses you.
The nine-headed hydra bites you but does no damage.
The nine-headed hydra bites you.
* * * LOW HITPOINT WARNING * * *
The nine-headed hydra bites you!
You die...

##### #.... ##############.###
#..............# #
#####.############.### #####
#........# #.... #...##
#.###@##.# ###.#
.....#######.###D##.# #.#
......)..........##.# ####.#
..)...###.##.######.########.....
......# #....# #....>..##.##.#
......###....# #######.##.##.#
#...#.....##.# #.##.##.#
##.####.####.# #.##.##.#
........# #.# #.##.##.#


You could see a nine-headed hydra.

Vanquished Creatures
  A minotaur (Lab)
  A fire dragon (Lair:8)
  The ghost of Reinor the Cruncher, a journeyman DsGl of Qazlal (D:11)
  2 hydras
  Erolcha (D:9)
  Urug (D:10)
  3 death yaks (Lair:6)
  An unseen horror (D:11)
  3 hill giants (D:10)
  A wolf spider (D:9)
  2 ugly things (D:10)
  2 griffons
  10 elephants
  A centaur zombie (D:10)
  8 black mambas
  2 gargoyles (Lab)
  7 spiny frogs
  3 torpor snails
  The ghost of Cojaviem the Geomancer, a novice GrEE of Sif Muna (D:4)
  3 komodo dragons
  A fire drake (Lair:2)
  3 trolls
  A polar bear (Lair:3)
  2 two-headed ogres
  7 blink frogs
  Prince Ribbit (D:6)
  Sigmund (D:3)
  A redback (Lab)
  3 basilisks
  2 hungry ghosts
  2 wyverns
  40 yaks
  5 hippogriffs
  10 wolves
  Menkaure (D:7)
  5 nagas (Lair:3)
  Edmund (D:5)
  9 water moccasins
  12 porcupines
  3 black bears
  6 orc warriors
  3 ice beasts
  5 sky beasts
  4 phantoms
  A wasp (D:9)
  10 centaurs
  An eye of draining (D:10)
  5 ogres
  10 crocodiles
  7 big kobolds
  19 giant frogs
  A wyvern skeleton (D:10)
  11 killer bees
  3 scorpions
  10 wights
  An electric eel (Lair:8)
  2 giant frog zombies
  3 crimson imps
  4 hounds
  2 quasits
  5 orc priests
  2 giant frog skeletons
  A jelly (D:10)
  6 centaur skeletons
  10 orc wizards
  6 iguanas
  7 worker ants
  30 sheep
  3 hound skeletons
  2 hound zombies
  Robin (D:2)
  3 gnolls (D:6)
  52 river rats
  10 adders
  2 shadow imps
  An ooze (D:1)
  3 adder zombies
  2 worms
  2 giant geckos
  66 orcs
  2 ball pythons (D:2)
  6 giant cockroaches
  14 goblins
  10 hobgoblins
  13 jackals
  27 kobolds
  6 quokkas
  4 bats
  A giant gecko zombie (D:5)
  4 giant newts
  A quokka skeleton (D:3)
  11 rats
  2 plants (Lair:8)
587 creatures vanquished.

Vanquished Creatures (collateral kills)
  A hydra (Lair:4)
  A naga (Lair:3)
2 creatures vanquished.

Vanquished Creatures (others)
  5 fungi
  8 plants (Lair:8)
13 creatures vanquished.

Grand Total: 602 creatures vanquished

Notes
Turn   | Place    | Note
--------------------------------------------------------------
     0 | D:1      | Arkorax the Merfolk Gladiator began the quest for the Orb.
     0 | D:1      | Reached XP level 1. HP: 16/16 MP: 1/1
    66 | D:1      | Reached XP level 2. HP: 10/23 MP: 0/2
   415 | D:1      | Reached skill level 5 in Polearms
   458 | D:1      | Reached XP level 3. HP: 24/29 MP: 3/3
  1217 | D:2      | Noticed Robin
  1252 | D:2      | Reached XP level 4. HP: 36/36 MP: 4/4
  1279 | D:2      | Killed Robin
  1388 | D:2      | Reached skill level 6 in Polearms
  1631 | D:3      | Found a sparkling altar of Nemelex Xobeh.
  1634 | D:3      | Found a burning altar of Makhleb.
  1635 | D:3      | Found a snail-covered altar of Cheibriados.
  1664 | D:3      | Became a worshipper of Makhleb the Destroyer
  1826 | D:3      | Reached XP level 5. HP: 42/42 MP: 5/5
  2288 | D:3      | Found a glowing golden altar of the Shining One.
  2440 | D:3      | Noticed Sigmund
  2461 | D:3      | Killed Sigmund
  2461 | D:3      | Reached skill level 5 in Fighting
  2461 | D:3      | Reached skill level 7 in Polearms
  2461 | D:3      | Reached XP level 6. HP: 15/51 MP: 6/6
  2727 | D:4      | Noticed Cojaviem's ghost (novice GrEE)
  2770 | D:4      | Killed Cojaviem's ghost
  2770 | D:4      | Reached skill level 8 in Polearms
  2770 | D:4      | Reached XP level 7. HP: 58/58 MP: 7/7
  2882 | D:4      | Reached * piety under Makhleb
  2954 | D:4      | Reached skill level 9 in Polearms
  3513 | D:4      | Reached XP level 8. HP: 65/67 MP: 8/8
  3750 | D:5      | Entered Level 5 of the Dungeon
  3786 | D:5      | Reached skill level 10 in Polearms
  3833 | D:5      | Noticed Arkorax's ghost (novice MfGl)
  4712 | D:5      | Found a staircase to the Ecumenical Temple.
  4846 | D:5      | Noticed Edmund
  4905 | D:5      | Killed Edmund
  4935 | D:5      | Found a shimmering altar of Xom.
  5097 | D:6      | Noticed Prince Ribbit
  5151 | D:6      | Killed Prince Ribbit
  5151 | D:6      | Reached skill level 11 in Polearms
  5269 | D:6      | Learned a level 3 spell: Regeneration
  5273 | D:6      | Learned a level 3 spell: Spectral Weapon
  5430 | D:6      | Reached skill level 1 in Charms
  5696 | D:6      | Reached XP level 9. HP: 71/75 MP: 9/9
  5783 | D:6      | Reached ** piety under Makhleb
  6478 | D:6      | Reached skill level 12 in Polearms
  6779 | D:7      | Noticed Menkaure
  6810 | D:7      | Killed Menkaure
  7610 | D:7      | Found an oddly glowing altar of Pakellas.
  7611 | D:7      | Found a shadowy altar of Dithmenos.
  7921 | D:8      | Reached *** piety under Makhleb
  8132 | D:8      | Found Atyfyalo's Antique Armour Shoppe.
  8155 | D:8      | Reached skill level 10 in Fighting
  8572 | D:9      | Paralysed by a wasp for 2 turns
  8577 | D:9      | Paralysed by a wasp for 2 turns
  8579 | D:9      | Reached skill level 13 in Polearms
  8873 | D:9      | Reached XP level 10. HP: 83/86 MP: 10/10
  8956 | D:9      | Reached skill level 1 in Invocations
  9039 | D:9      | Reached skill level 14 in Polearms
  9091 | D:9      | Reached **** piety under Makhleb
  9334 | D:9      | Found a roughly hewn altar of Beogh.
  9424 | D:9      | Noticed a wolf spider
  9435 | D:9      | Killed a wolf spider
  9745 | D:9      | Reached ***** piety under Makhleb
 10017 | D:9      | Noticed Erolcha
 10047 | D:9      | Killed Erolcha
 10246 | D:9      | Reached skill level 15 in Polearms
 10698 | D:9      | Reached XP level 11. HP: 95/95 MP: 13/13
 10777 | D:10     | Entered Level 10 of the Dungeon
 10786 | D:10     | Noticed a hill giant
 10805 | D:10     | Killed a hill giant
 10937 | D:10     | Noticed a hill giant
 10945 | D:10     | Killed a hill giant
 11108 | D:10     | Noticed Urug
 11123 | D:10     | Reached skill level 16 in Polearms
 11139 | D:10     | Killed Urug
 11146 | D:10     | Reached skill level 5 in Invocations
 11749 | D:10     | Found a staircase to the Lair.
 11833 | D:10     | Noticed a brown ugly thing
 11880 | D:10     | Killed a brown ugly thing
 12022 | D:10     | Reached ****** piety under Makhleb
 12105 | D:10     | Noticed a hill giant
 12110 | D:10     | Noticed a brown ugly thing
 12112 | D:10     | Killed a hill giant
 12115 | D:10     | Reached XP level 12. HP: 103/105 MP: 16/16
 12196 | Lair:1   | Entered Level 1 of the Lair of Beasts
 12200 | Lair:1   | Reached skill level 17 in Polearms
 13586 | Lair:2   | Found a shattered altar of Ashenzari.
 13665 | Lair:2   | Found a labyrinth entrance.
 13674 | Lab      | Entered a labyrinth
 14209 | Lab      | Noticed a minotaur
 14262 | Lab      | Killed a minotaur
 14423 | Lab      | Got a pitted golden ring
 14423 | Lab      | Identified Kuwnyo's Tome of Black Rituals
 14424 | Lab      | Identified the ring "Ruysh" {rElec rC+ Int+3 Stlth+} (You found it in a labyrinth)
 14425 | Lab      | Got a smoking ring mail
 14439 | Lab      | Identified the +5 ring mail "Geexov" {MR+} (You found it in a labyrinth)
 14510 | Lair:2   | Reached skill level 18 in Polearms
 15314 | Lair:3   | Reached skill level 1 in Armour
 15726 | Lair:3   | Found a staircase to the Snake Pit.
 16277 | Lair:3   | Reached XP level 13. HP: 113/113 MP: 19/19
 16781 | Lair:3   | Reached skill level 19 in Polearms
 18342 | Lair:5   | Found an iron altar of Okawaru.
 18747 | Lair:5   | Found a staircase to the Shoals.
 18995 | Lair:5   | Identified a +2 rod of destruction (13/13) (You found it in a labyrinth)
 19100 | Lair:6   | Found a runed door.
 19526 | Lair:6   | Found a viscous altar of Jiyva.
 19526 | Lair:6   | Found a staircase to the Slime Pits.
 19579 | Lair:6   | Reached skill level 20 in Polearms
 20415 | Lair:7   | Reached skill level 10 in Invocations
 20552 | Lair:7   | Reached XP level 14. HP: 105/121 MP: 21/21
 21000 | Lair:8   | Entered Level 8 of the Lair of Beasts
 21050 | Lair:8   | Learned a level 7 spell: Malign Gateway
 21266 | Lair:8   | Found a runed door.
 21348 | Lair:8   | Reached skill level 15 in Fighting
 21688 | Lair:7   | Identified a scroll of acquirement
 21833 | Lair:7   | Got a warped bardiche
 21834 | Lair:7   | Identified the +1 bardiche of Infinite Pain {venom, Stlth+} (You acquired it on level 7 of the Lair of Beasts)
 22060 | D:11     | Found a staircase to the Orcish Mines.
 22304 | D:11     | Noticed Reinor's ghost (journeyman DsGl)
 22334 | D:11     | Killed Reinor's ghost
 22742 | D:11     | HP: 6/123 [nine-headed hydra (2)]
 22742 | D:11     | Slain by a nine-headed hydra

Vault maps used:
D:1:      lightli_arrival_isolated_outpost
D:2:      serial_co_window_serial, co_window_paths_a, co_window_paths_b,
          co_window_paths_a, co_window_paths_a, co_window_of_opportunity_a,
          co_window_of_opportunity_c, co_window_of_opportunity_b,
          co_window_paths_c, co_window_cross_4, uniq_robin
D:3:      wad_lake_hut, nicolae_tso_carved_into_rock,
          grunt_temple_overflow_open, serial_co_window_serial,
          co_window_paths_a, co_window_paths_a, co_window_cross_1,
          co_window_paths_b, co_window_paths_b, co_window_cross_2,
          co_window_broadway_a, co_window_corner_b, first_bread, uniq_sigmund
D:4:      moated_statue
D:5:      kennysheep_mini, lemuel_doored_altar,
          minmay_temple_entry_statues_fountains, serial_shops,
          kennysheep_little_box, st_stairs_1, uniq_edmund
D:6:      uniq_prince_ribbit1
D:7:      gammafunk_temple_overflow_statue, uniq_menkaure
D:8:      serial_shops, shop
D:9:      hangedman_ranch, uniq_erolcha
D:10:     minmay_quarter_circles, uniq_urug
D:11:     orc_0_dummy
Lair:1:   lemuel_fruit_fields
Lair:2:   basic_altar, lab_entry_generic
Lair:3:   minmay_snake_entry_guardpost_medium, bh_autumn_forest_stairs
Lair:4:   infiniplex_staircase_pool
Lair:5:   minmay_shoals_entry_centaurs, basic_altar, grunt_megastairs_1
Lair:6:   slime_altar_2
Lair:7:   minmay_lair_oklob_bushes, grunt_megastairs_4
Lair:8:   wormcave, guppyfry_lair_drakes, lemuel_fruit_fields,
          grunt_megastairs_3, serial_bayou_shore_b
Lab:      labyrinth_spiral, nicolae_lab_diamond

Action                   |  1- 3 |  4- 6 |  7- 9 | 10-12 | 13-15 || total
-------------------------+-------+-------+-------+-------+-------++-------
Melee: Trident           |   146 |   148 |   681 |   193 |    34 ||  1202
       Scythe            |       |    12 |       |       |       ||    12
       Halberd           |       |       |       |   280 |       ||   280
       Bardiche          |       |       |       |   471 |   716 ||  1187
       Knife             |       |       |       |    20 |    19 ||    39
Throw: Throwing net      |       |       |     1 |     6 |       ||     7
Invok: Lesser Servant of |       |       |       |     1 |     2 ||     3
       Major Destruction |       |       |       |       |     2 ||     2
Evoke: Wand              |       |       |       |     7 |       ||     7
  Use: Potion            |       |     1 |     5 |    10 |     4 ||    20
       Scroll            |       |       |    13 |     5 |    15 ||    33
 Stab: Held in net/web   |       |       |     1 |     1 |       ||     2
       Sleeping          |       |       |       |     1 |    11 ||    12
       Distracted        |       |       |       |       |     3 ||     3
  Eat: Chunk             |     1 |     1 |     4 |     1 |     3 ||    10
       Bread ration      |       |     1 |     2 |     4 |     4 ||    11
       Meat ration       |       |       |     2 |     2 |       ||     4
